 Dungeon Crawl Stone Soup version 0.21-a0-531-gacddea6 (webtiles) character file.

6898 Coron the Fighter (level 11, -1/87 HPs)
             Began as a Gnoll Wanderer on Dec 13, 2017.
             Was a Believer of Nemelex Xobeh.
             Slain by an unseen horror (6 damage)
             ... on level 10 of the Dungeon.
             The game lasted 00:33:35 (11464 turns).

Coron the Fighter (Gnoll Wanderer)                 Turns: 11464, Time: 00:33:36

Health: -1/87      AC: 11    Str: 15    XL:     11   Next: 6%
Magic:  19/19      EV: 15    Int: 15    God:    Nemelex Xobeh [**....]
Gold:   337        SH: 11    Dex: 19    Spells: 20/21 levels left

rFire    . . .     SeeInvis .   j - +2 spear (vamp)
rCold    . . .     Gourm    .   M - +1 shield
rNeg     . . .     Faith    .   a - +2 leather armour
rPois    +         Spirit   .   I - +2 helmet
rElec    .         Reflect  .   (no cloak)
rCorr    .         Harm     .   (no gloves)
MR       +....                  (no boots)
Stlth    ++++......             (no amulet)
HPRegen  0.24/turn              y - +3 ring of slaying
MPRegen  0.16/turn              E - ring "Uxadegru" {MR+ AC+2}

@: no status effects
A: distributed training, fangs 1, thin skeletal structure 1, blurry vision 1,
poison resistance, screaming 1, wild magic 1, strong nose
a: Renounce Religion


You were on level 10 of the Dungeon.
You worshipped Nemelex Xobeh.
Nemelex Xobeh was pleased with you.
You were not hungry.

You visited 2 branches of the dungeon, and saw 11 of its levels.

You collected 487 gold pieces.
You spent 150 gold pieces at shops.

Inventory:

Hand Weapons
 i - a +0 hunting sling of flaming
 j - a +2 vampiric spear (weapon)
 u - a +2 dagger of protection
 x - a +0 whip of electrocution
 z - a +1 mace of protection
Missiles
 o - 340 stones (quivered)
 C - 13 tomahawks
 X - 40 sling bullets
Armour
 a - a +2 leather armour (worn)
 k - a +0 chain mail
 B - a +0 leather armour of positive energy
 I - a +2 helmet (worn)
 K - a +1 leather armour of fire resistance
 M - a +1 shield (worn)
Jewellery
 y - a +3 ring of slaying (left hand)
 E - the ring "Uxadegru" (right hand) {MR+ AC+2}
   (You bought it in a shop on level 4 of the Dungeon)

   [ring of protection]

   It affects your AC (+2).
   It affects your resistance to hostile enchantments.
 Q - a +5 ring of intelligence
 S - an uncursed ring of poison resistance
Wands
 g - a wand of digging (10)
 n - a wand of acid (2)
 G - a wand of polymorph (18)
 N - a wand of paralysis (3)
 T - a wand of iceblast (10)
 Z - a wand of flame (22)
Scrolls
 f - a scroll of fog
 m - 6 scrolls of remove curse
 v - a scroll of blinking
 D - a scroll of magic mapping
 F - 2 scrolls of enchant armour
 J - a scroll of teleportation {unknown}
 L - a scroll of amnesia {unknown}
 O - 2 scrolls of fear
 R - a scroll of immolation {unknown}
 Y - a scroll of vulnerability {unknown}
Potions
 e - a potion of berserk rage
 l - 2 potions of cancellation
 p - 2 potions of agility
 r - 4 potions of brilliance
 s - 3 potions of curing
 t - a potion of heal wounds
 W - a potion of flight
Books
 b - the Catalogue of the Voyage

   Spells                             Type                      Level
   a - Apportation                    Translocation                1
   b - Lesser Beckoning               Translocation                3
 w - a book of Cantrips

   Spells                             Type                      Level
   a - Confusing Touch                Hexes                        1
   b - Animate Skeleton               Necromancy                   1
   c - Summon Small Mammal            Summoning                    1
   d - Apportation                    Translocation                1
 P - a book of Air

   Spells                             Type                      Level
   a - Shock                          Conjuration/Air              1
   b - Swiftness                      Charms/Air                   2
   c - Static Discharge               Conjuration/Air              3
   d - Airstrike                      Air                          4
   e - Lightning Bolt                 Conjuration/Air              5
 V - a book of Conjurations

   Spells                             Type                      Level
   a - Magic Dart                     Conjuration                  1
   b - Searing Ray                    Conjuration                  2
   c - Dazzling Spray                 Conjuration/Hexes            3
   d - Fulminant Prism                Conjuration/Hexes            4
   e - Force Lance                    Conjuration/Translocation    4
   f - Iskenderun's Mystic Blast      Conjuration                  4
Miscellaneous
 c - an ornate deck of escape
 H - an ornate deck of destruction {drawn: 1}
 U - a legendary deck of destruction
Comestibles
 d - 6 bread rations
 h - 4 meat rations
 q - 8 fruits
 A - 5 chunks of flesh


   Skills:
 + Level 8.8 Fighting
 + Level 5.8 Short Blades
 + Level 6.4 Long Blades
 + Level 5.8 Axes
 + Level 5.8 Maces & Flails
 + Level 5.8 Polearms
 + Level 5.8 Staves
 + Level 5.8 Slings
 + Level 5.8 Bows
 + Level 5.8 Crossbows
 + Level 6.4 Throwing
 + Level 5.8 Armour
 + Level 6.4 Dodging
 + Level 5.8 Stealth
 + Level 6.4 Shields
 + Level 5.8 Unarmed Combat
 + Level 5.8 Spellcasting
 + Level 4.8 Conjurations
 + Level 4.8 Hexes
 + Level 4.8 Charms
 + Level 4.8 Summonings
 + Level 4.8 Necromancy
 + Level 4.8 Translocations
 + Level 4.8 Transmutations
 + Level 4.8 Fire Magic
 + Level 4.8 Ice Magic
 + Level 7.3 Air Magic
 + Level 4.8 Earth Magic
 + Level 4.8 Poison Magic
 + Level 6.3 Invocations
 + Level 5.8 Evocations


You had 20 spell levels left.
You knew the following spells:

 Your Spells              Type           Power        Failure   Level  Hunger
a - Summon Small Mammal   Summ           ###.         12%         1    None


Dungeon Overview and Level Annotations

Branches:
Dungeon (10/15)            Temple (1/1) D:6            Lair (0/6) D:8
    Orc: D:9-12

Altars:
Ashenzari
Cheibriados
Dithmenos
Elyvilon
Fedhas
Gozag
Hepliaklqana
Kikubaaqudgha
Makhleb
Nemelex Xobeh
Okawaru
Qazlal
Ru
Sif Muna
Trog
Uskayaw
Vehumet
Wu Jian
Xom
Yredelemnul
Zin
The Shining One

Shops:
D:4 *   D:8 (   D:10 ([[


Innate Abilities, Weirdness & Mutations

Your experience applies equally to all skills.
You have very sharp teeth.
Your uncanny sense of smell can sniff out nearby items.
You have a somewhat thin skeletal structure. (Dex +2, Stealth)
Scrolls take you a little longer to read.
Your system is resistant to poisons. (rPois)
You occasionally shout uncontrollably at your foes.
Your spells are a little harder to cast, but a little more powerful.


Message History

Something hits you. x2
* * * LOW HITPOINT WARNING * * *
You barely miss something. Something hits you but does no damage.
Something hits you!
* * * LOW HITPOINT WARNING * * *
You hit something. Something hits you but does no damage.
You barely miss something. You bite something.
Something hits you but does no damage.
You hit something but do no damage. Your bite misses something.
Something hits you.
* * * LOW HITPOINT WARNING * * *
Something hits you but does no damage.
Something hits you but does no damage. x2
Something hits you but does no damage. Something hits you but does no damage.
Something hits you.
* * * LOW HITPOINT WARNING * * *
Something hits you.
You die...
Your body glows with a rainbow of weird colours and disappears.

########*************
........,,,,,,,,,,,,#
....###############.#
..........#.....@...#
....#####.#.##########***
....# ###.#...........,,*
....# #....##..#######*,*
.#.## #.....#)).# ***
.#.# #.....#)..# .#.#
#.....#...#*
.#.######.#.##...#
..[.....#?#[##...#*


There were no monsters in sight!

Vanquished Creatures
  3 two-headed ogres
  Pikel (D:4)
  Psyche (D:9)
  A komodo dragon (D:7)
  A steam dragon (D:9)
  A human (D:4)
  Duvessa (D:4)
  2 sky beasts (D:7)
  3 slaves (D:4)
  A black bear (D:7)
  3 ice beasts
  A phantom (D:8)
  3 ogres
  A centaur (D:10)
  A big kobold (D:7)
  5 bullfrogs
  Dowan (D:4)
  A wyvern skeleton (D:9)
  3 scorpions
  3 killer bees (D:7)
  An electric eel (D:10)
  3 crimson imps
  7 howler monkeys
  A quasit (D:10)
  5 hounds
  A jelly (D:7)
  6 orc priests
  2 bullfrog skeletons (D:10)
  A centaur skeleton (D:8)
  3 iguanas
  Ijyb (D:3)
  2 human skeletons (D:4)
  7 worker ants
  5 orc wizards
  A hound skeleton (D:7)
  7 adders
  2 shadow imps
  A white imp (D:5)
  2 oozes
  4 worms
  A dart slug (D:5)
  4 leopard geckos
  35 orcs
  2 ball pythons
  17 bats
  11 giant cockroaches
  3 hobgoblins
  15 kobolds
  4 quokkas
  3 frilled lizards
  14 goblins
  A goblin zombie (D:5)
  A hobgoblin zombie (D:5)
  A jackal zombie (D:5)
  A kobold skeleton (D:5)
  A kobold zombie (D:5)
  2 orc skeletons (D:5)
  21 rats
236 creatures vanquished.

Vanquished Creatures (collateral kills)
  A steam dragon (D:7)
  2 ogres
  An ice beast (D:7)
  A gnoll sergeant (D:9)
  2 killer bees (D:7)
  A quasit (D:7)
  2 orc wizards (D:7)
  3 gnolls (D:9)
  A shadow imp (D:7)
  An orc (D:7)
  A kobold (D:7)
16 creatures vanquished.

Vanquished Creatures (others)
  A human (D:7)
  A bullfrog (D:9)
  An orc wizard (D:3)
  3 orcs (D:4)
  A plant (D:8)
7 creatures vanquished.

Grand Total: 259 creatures vanquished

Notes
Turn   | Place    | Note
-------+----------+-------------------------------------------
     0 | D:1      | Coron the Gnoll Wanderer began the quest for the Orb.
     0 | D:1      | Coron set off with: a +2 leather armour, the Catalogue of the Voyage, a +0 falchion, a bread ration
     0 | D:1      | Reached XP level 1. HP: 23/23 MP: 1/1
    37 | D:1      | Identified the Catalogue of the Voyage
    45 | D:1      | Reached XP level 2. HP: 24/29 MP: 2/2
   361 | D:1      | Reached XP level 3. HP: 35/35 MP: 3/3
   754 | D:1      | Reached skill level 1 in Invocations
  1231 | D:2      | Found a faded altar of an unknown god.
  1242 | D:2      | Reached skill level 1 in Short Blades
  1242 | D:2      | Reached skill level 1 in Axes
  1242 | D:2      | Reached skill level 1 in Maces & Flails
  1242 | D:2      | Reached skill level 1 in Polearms
  1242 | D:2      | Reached skill level 1 in Staves
  1242 | D:2      | Reached skill level 1 in Slings
  1242 | D:2      | Reached skill level 1 in Bows
  1242 | D:2      | Reached skill level 1 in Crossbows
  1242 | D:2      | Reached skill level 1 in Armour
  1242 | D:2      | Reached skill level 1 in Stealth
  1242 | D:2      | Reached skill level 1 in Unarmed Combat
  1242 | D:2      | Reached skill level 1 in Spellcasting
  1242 | D:2      | Reached skill level 1 in Evocations
  1242 | D:2      | Reached XP level 4. HP: 35/41 MP: 5/5
  1965 | D:2      | Reached skill level 1 in Conjurations
  1965 | D:2      | Reached skill level 1 in Hexes
  1965 | D:2      | Reached skill level 1 in Charms
  1965 | D:2      | Reached skill level 1 in Summonings
  1965 | D:2      | Reached skill level 1 in Necromancy
  1965 | D:2      | Reached skill level 1 in Translocations
  1965 | D:2      | Reached skill level 1 in Transmutations
  1965 | D:2      | Reached skill level 1 in Fire Magic
  1965 | D:2      | Reached skill level 1 in Ice Magic
  1965 | D:2      | Reached skill level 1 in Earth Magic
  1965 | D:2      | Reached skill level 1 in Poison Magic
  2727 | D:3      | Noticed Ijyb
  2807 | D:3      | HP: 2/41 [Ijyb/dagger of protection (6)]
  2825 | D:3      | Killed Ijyb
  2825 | D:3      | Reached XP level 5. HP: 7/47 MP: 5/7
  2840 | D:3      | Paralysed by fainting for 7 turns
  3310 | D:3      | Learned a level 1 spell: Summon Small Mammal
  3710 | D:3      | Reached XP level 6. HP: 53/53 MP: 8/8
  4509 | D:4      | Reached XP level 7. HP: 59/59 MP: 10/10
  4544 | D:4      | Noticed Dowan
  4831 | D:4      | Noticed Pikel
  4842 | D:4      | Killed Pikel
  4842 | D:4      | Reached skill level 7 in Fighting
  4842 | D:4      | Reached XP level 8. HP: 22/67 MP: 10/12
  5069 | D:4      | Found Ylopetot's Assorted Antiques.
  5079 | D:4      | Bought a flickering iron ring for 150 gold pieces
  5079 | D:4      | Identified the ring "Uxadegru" {MR+ AC+2} (You bought it in a shop on level 4 of the Dungeon)
  5551 | D:4      | Found a runed door.
  5553 | D:4      | Found a basalt altar of Yredelemnul.
  5727 | D:4      | Noticed Duvessa
  5757 | D:4      | Killed Duvessa
  5765 | D:4      | Killed Dowan
  5947 | D:5      | Entered Level 5 of the Dungeon
  6241 | D:5      | Found a glowing golden altar of the Shining One.
  6774 | D:6      | Found a staircase to the Ecumenical Temple.
  6783 | Temple   | Entered the Ecumenical Temple
  6938 | Temple   | Became a worshipper of Nemelex Xobeh the Trickster
  7127 | D:6      | Received a gift from Nemelex Xobeh
  7314 | D:6      | Reached * piety under Nemelex Xobeh
  7428 | D:6      | Received a gift from Nemelex Xobeh
  7461 | D:6      | Reached XP level 9. HP: 72/72 MP: 14/14
  7859 | D:7      | Noticed a komodo dragon
  8006 | D:7      | Killed a komodo dragon
  8263 | D:7      | Reached skill level 5 in Long Blades
  8263 | D:7      | Reached skill level 5 in Throwing
  8263 | D:7      | Reached skill level 5 in Dodging
  8263 | D:7      | Reached skill level 5 in Shields
  8266 | D:7      | Gained mutation: Your system is resistant to poisons. (rPois) [mutagenic meat]
  8267 | D:7      | Gained mutation: You are frail. (-10% HP) [mutagenic meat]
  8268 | D:7      | Gained mutation: You occasionally shout uncontrollably at your foes. [mutagenic meat]
  8269 | D:7      | Gained mutation: You are clumsy. (Dex -2) [mutagenic meat]
  8270 | D:7      | Gained mutation: Your spells are a little harder to cast, but a little more powerful. [mutagenic meat]
  8408 | D:7      | Reached skill level 8 in Fighting
  8467 | D:7      | Reached skill level 5 in Invocations
  8546 | D:7      | Found an ancient bone altar of Kikubaaqudgha.
  8790 | D:7      | You fall through a shaft for 2 floors!
  8847 | D:9      | Noticed a two-headed ogre
  8859 | D:9      | Noticed Psyche
  8873 | D:9      | Killed Psyche
  8873 | D:9      | Reached XP level 10. HP: 53/72 MP: 17/17
  8877 | D:9      | Killed a two-headed ogre
  8877 | D:9      | Reached skill level 5 in Short Blades
  8877 | D:9      | Reached skill level 5 in Axes
  8877 | D:9      | Reached skill level 5 in Maces & Flails
  8877 | D:9      | Reached skill level 5 in Polearms
  8877 | D:9      | Reached skill level 5 in Staves
  8877 | D:9      | Reached skill level 5 in Slings
  8877 | D:9      | Reached skill level 5 in Bows
  8877 | D:9      | Reached skill level 5 in Crossbows
  8877 | D:9      | Reached skill level 5 in Armour
  8877 | D:9      | Reached skill level 5 in Stealth
  8877 | D:9      | Reached skill level 5 in Unarmed Combat
  8877 | D:9      | Reached skill level 5 in Spellcasting
  8877 | D:9      | Reached skill level 5 in Evocations
  9095 | D:9      | Reached ** piety under Nemelex Xobeh
  9142 | D:9      | Received a gift from Nemelex Xobeh
  9264 | D:8      | Found Nuofous's Antique Weapon Shop.
  9636 | D:8      | Found a white marble altar of Elyvilon.
  9691 | D:8      | Found a stormy altar of Qazlal.
  9708 | D:8      | Noticed a two-headed ogre
  9725 | D:8      | Killed a two-headed ogre
  9789 | D:8      | Found a staircase to the Lair.
 10346 | D:9      | Found a radiant altar of Vehumet.
 10426 | D:9      | Found an opulent altar of Gozag.
 10436 | D:9      | Found a shimmering altar of Xom.
 10504 | D:10     | Entered Level 10 of the Dungeon
 10830 | D:10     | Found Osunein's Antique Armour Boutique.
 10884 | D:10     | Received a gift from Nemelex Xobeh
 11145 | D:10     | Found Doisseul's Antique Weapon Boutique.
 11294 | D:10     | Found Cutowih's Armour Shoppe.
 11317 | D:10     | Lost mutation: You are clumsy. (Dex -2) [potion of mutation]
 11317 | D:10     | Lost mutation: You are frail. (-10% HP) [potion of mutation]
 11317 | D:10     | Gained mutation: Scrolls take you a little longer to read. [potion of mutation]
 11317 | D:10     | Gained mutation: You have a somewhat thin skeletal structure. (Dex +2, Stealth) [potion of mutation]
 11341 | D:10     | Noticed a two-headed ogre
 11363 | D:10     | Killed a two-headed ogre
 11363 | D:10     | Reached XP level 11. HP: 69/87 MP: 19/19
 11463 | D:10     | HP: 4/87 [something (6)]
 11464 | D:10     | Slain by an unseen horror

Vault maps used:
D:1:      evilmike_arrival_hilbert_curve, st_stairs_4, hangedman_feature_mirror,
          minmay_tetromino_l2
D:2:      cheibrodos_old_hovel, chequers_ecumenical_altar_simple_redux,
          grunt_ministairs_7, minmay_misc_feat_plants
D:3:      first_bread, uniq_ijyb
D:4:      serial_shops, nicolae_shop_stone, dk_yredelemnul_ordeal, uniq_duvessa,
          uniq_pikel
D:5:      nicolae_tso_besieged_by_evil, roderic_batcave, hangedman_decor_points
D:6:      minmay_temple_entry_trees
D:7:      tgw_kikubaaqudgha
D:8:      grunt_qazlal_clouds, lemuel_doored_altar, lair_entry_dummy,
          serial_shops, nicolae_shop_overgrown_old_shop
D:9:      vehumet_altar_wand_db, amethyst_overflow_temple_binary, uniq_psyche
D:10:     cheibrodos_breeding_chamber, serial_shops, nicolae_shop_trees, shop,
          nicolae_shop_window_shopping, kennysheep_little_box, serial_curves,
          eino_curves_03, eino_curves_01, hangedman_pestilent_swarm
Temple:   nicolae_temple_elliptical

Skill      XL: |  1  2  3  4  5  6  7  8  9 10 |
---------------+-------------------------------+-----
Invocations    | 1 2 3 4 5 6 |  6.3
Short Blades   | 1 2 3 4 5 |  5.8
Axes           | 1 2 3 4 5 |  5.8
Maces & Flails | 1 2 3 4 5 |  5.8
Polearms       | 1 2 3 4 5 |  5.8
Staves         | 1 2 3 4 5 |  5.8
Slings         | 1 2 3 4 5 |  5.8
Bows           | 1 2 3 4 5 |  5.8
Crossbows      | 1 2 3 4 5 |  5.8
Armour         | 1 2 3 4 5 |  5.8
Stealth        | 1 2 3 4 5 |  5.8
Unarmed Combat | 1 2 3 4 5 |  5.8
Spellcasting   | 1 2 3 4 5 |  5.8
Evocations     | 1 2 3 4 5 |  5.8
Conjurations   | 1 2 3 4 |  4.8
Hexes          | 1 2 3 4 |  4.8
Charms         | 1 2 3 4 |  4.8
Summonings     | 1 2 3 4 |  4.8
Necromancy     | 1 2 3 4 |  4.8
Translocations | 1 2 3 4 |  4.8
Transmutations | 1 2 3 4 |  4.8
Fire Magic     | 1 2 3 4 |  4.8
Ice Magic      | 1 2 3 4 |  4.8
Earth Magic    | 1 2 3 4 |  4.8
Poison Magic   | 1 2 3 4 |  4.8
Long Blades    | 3 4 5 6 |  6.4
Throwing       | 3 4 5 6 |  6.4
Dodging        | 3 4 5 6 |  6.4
Shields        | 3 4 5 6 |  6.4
Fighting       | 7 8 |  8.8
Air Magic      | 6 7 |  7.3

Action                   |  1- 3 |  4- 6 |  7- 9 | 10-12 || total
-------------------------+-------+-------+-------+-------++-------
Melee: Falchion          |    93 |   152 |       |       ||   245
       Bite              |     4 |    29 |    43 |    36 ||   112
       Punch             |       |     2 |     2 |       ||     4
       Dagger            |       |    86 |       |       ||    86
       Mace              |       |    65 |   292 |       ||   357
       Spear             |       |       |     8 |   296 ||   304
 Fire: Hunting sling     |     1 |    26 |    39 |       ||    66
Throw: Stone             |       |       |     6 |       ||     6
Evoke: Deck              |       |       |     4 |     1 ||     5
       Wand              |       |       |       |     5 ||     5
  Use: Scroll            |     2 |     2 |     4 |     9 ||    17
       Potion            |       |     2 |     4 |     1 ||     7
 Stab: Sleeping          |     1 |     3 |     7 |     3 ||    14
       Paralysed         |       |       |       |     9 ||     9
  Eat: Chunk             |     1 |    10 |    20 |     8 ||    39
       Meat ration       |       |       |     1 |       ||     1
Armor: Leather armour    |    41 |    20 |   149 |   107 ||   317
       Ring mail         |       |    74 |       |       ||    74
       Skin              |       |    20 |       |       ||    20
Dodge: Dodged            |    72 |   168 |   209 |   140 ||   589
Block: Shield            |       |       |   100 |   164 ||   264
       Rpst.: Falchion   |    30 |    20 |       |       ||    50

Table legend:
 A = Spawn XP
 B = Non-spawn XP
 C = Spawn XP percentage of total XP
 D = Spawn monster count
 E = Non-spawn monster count
 F = Spawn count percentage of total count
 G = Total turns spent on level
                    A         B        C        D         E        F      G
               +---------+---------+-------+---------+---------+-------+---------
         Total |       0 |    9855 |   0.0 |       0 |     250 |   0.0 | 11464
               +---------+---------+-------+---------+---------+-------+---------
           D:1 |       0 |      61 |   0.0 |       0 |      36 |   0.0 |  1119
           D:2 |       0 |      90 |   0.0 |       0 |      19 |   0.0 |  1576
           D:3 |       0 |     356 |   0.0 |       0 |      48 |   0.0 |  1689
           D:4 |       0 |    1401 |   0.0 |       0 |      26 |   0.0 |  1563
           D:5 |       0 |     241 |   0.0 |       0 |      20 |   0.0 |   822
           D:6 |       0 |     404 |   0.0 |       0 |       9 |   0.0 |   874
           D:7 |       0 |    2137 |   0.0 |       0 |      38 |   0.0 |  1270
           D:8 |       0 |    1678 |   0.0 |       0 |      21 |   0.0 |   782
           D:9 |       0 |    1915 |   0.0 |       0 |      18 |   0.0 |   631
          D:10 |       0 |    1572 |   0.0 |       0 |      15 |   0.0 |   960
               +---------+---------+-------+---------+---------+-------+---------
